[Event "NJSK 2023 Meisjes C"]
[Site "Almelo, Netherlands"]
[Date "2023.05.04"]
[Round "5.3"]
[White "Koorevaar, Sarah-Joy"]
[Black "Van Apeldoorn, Vera"]
[Result "0-1"]
[TimeControl "90min/40moves + 30min + 30sec/move"]
[WhiteElo "1067"]
[BlackElo "1153"]

1. d4 d5 2. c4 c6 3. g3 Nf6 4. Bg2 e6 5. Nf3 Nbd7 6. O-O Be7 7. Bf4 O-O 8. Nbd2 b6 9. b3 Bb7 10.
Re1 Re8 11. e4 dxe4 12. Nxe4 Nxe4 13. Rxe4 Nf6 14. Re2 c5 15. d5 exd5 16. cxd5 Nxd5 17. Rd2 Qc8 18. Rxd5 Bxd5 19. Qxd5 Rd8 20.
Qc4 Qf5 21. Nh4 Qf6 22. Rc1 Rac8 23. Bb7 Rd4 24. Qe2 Rcd8 25. Be5 Qh6 26. Re1 R4d7 27. Bc6 Qxc6 28. Qb2 Rd1 29. Qe2 Rxe1+ 30. Qxe1 Bf6 31. Bxf6 Qxf6 32. Qe4 Qa1+ 33. Kg2 Qxa2 34. Qe5 g6 35. Nf3 Qxb3 36. Qe7 Ra8 37. Ne5 Qe6 38. Qc7 Rc8 39.
Qb7 a5 40. f4 c4 0-1

[Event "NJSK 2023 Meisjes C"]
[Site "Almelo, Netherlands"]
[Date "2023.05.04"]
[Round "5.4"]
[White "Liu, Chia-Yun"]
[Black "Regterschot, Frederieke"]
[Result "1-0"]
[TimeControl "90min/40moves + 30min + 30sec/move"]
[WhiteElo "1470"]
[BlackElo "966"]

1. e4 e5 2. Nf3 Nc6 3. Bc4 Bc5 4. c3 Nf6 5. d3 O-O 6. b4 Bb6 7. a4 a6 8. O-O Re8 9. Nbd2 h6 10.
Re1 d5 11. exd5 Nxd5 12. d4 Nxc3 13. Qb3 Be6 14. Qxc3 Bxc4 15. Qxc4 exd4 16. Bb2 d3 17. Rxe8+ Qxe8 18. Qxd3 Rd8 19. Qc3 Nd4 20. Qc4 Ne6 21.
Re1 Qf8 22. Qg4 Ng5 23. h4 Ne6 24. Nf1 h5 25. Qg3 Qxb4 26. Bf6 Rd3 27. Rxe6 Qg4 28. Re8+ Kh7 29. Ng5+ Kh6 30. Qxd3 Bxf2+ 31. Kxf2 Qxh4+ 32. Kg1 gxf6 33. Qh7+ Kxg5 34. Rg8+ Kf4 35. g3+ Qxg3+ 36. Nxg3 c5 37. Qe4# 1-0

[Event "NJSK 2023 Meisjes C"]
[Site "Almelo, Netherlands"]
[Date "2023.05.04"]
[Round "5.5"]
[White "Ganeshram, Niranjana"]
[Black "Luong, Thao"]
[Result "1-0"]
[TimeControl "90min/40moves + 30min + 30sec/move"]
[WhiteElo "775"]
[BlackElo "804"]

1. e4 e5 2. Nf3 Nc6 3. Bc4 Nd4 4. O-O d6 5. h3 Be7 6. Nxd4 exd4 7. d3 Nf6 8. Bg5 Be6 9. Bxe6 fxe6 10.
Nd2 O-O 11. Qf3 Nxe4 12. Qxe4 Bxg5 13.
Qxe6+ Kh8 14. Nf3 Bh6 15. Nxd4 Qh4 16. Qe4 Qxe4 17. dxe4 Rfe8 18. Nb5 Rxe4 19. Nxc7 Rc8 20. Nb5 Rxc2 21.
Nxd6 Rb4 22. Rae1 g6 23. Re8+ Kg7 24. Re7+ Kf6 25. Rxh7 Bf4 26. Nxb7 Rbxb2 27. a4 Ra2 28. a5 Ke6 29.
Nd8+ Kf6 30. Rf7+ Ke5 31. Rxa7 Be3 32. Re7+ Kd4 33. Rxe3 Rxa5 34. Rd1+ Kc4 35. Nc6 Raa2 36. Rd4+ Kb5 37.
Nb4 Rc1+ 38. Kh2 Rxf2 39. Nd3 Rd2 40. Nxc1 Rxd4 41. Rg3 Rd1 42. Ne2 Rd2 43. Nc3+ Kc4 44. Ne4 Rd4 45. Nf6 Rd6 46.
Rxg6 Kd4 47. Rg4+ Ke5 48. Ne4 Rd4 49. Ng3 Rd8 50. h4 Rh8 51. Kh3 Kf6 52. h5 Rh6 53. Rg6+ Rxg6 54. hxg6 Kxg6 55.
Kg4 Kg7 56. Kg5 Kf7 57. Nf5 Kg8 58. g4 Kf7 59. Kh6 Kg8 60. g5 Kf8 61. g6 Kg8 62. g7 Kf7 63. Kh7 Kf6 64. g8=Q Ke5 65. Kg6 Ke4 66. Qe6+ Kf3 67. Qe3+ Kg2 68. Qg3+ Kh1 69. Qg4 Kh2 70. Nh4 Kh1 71.
Qg2# 1-0

[Event "NJSK 2023 Meisjes C"]
[Site "Almelo, Netherlands"]
[Date "2023.05.04"]
[Round "5.6"]
[White "Hardeman, Imara"]
[Black "Rutten, Lenthe"]
[Result "1-0"]
[TimeControl "90min/40moves + 30min + 30sec/move"]
[WhiteElo "920"]
[BlackElo "604"]

1. e4 c5 2. Nf3 Nc6 3. Bc4 e5 4.
Nc3 Nf6 5. d3 g6 6. Ng5 d5 7. Nxd5 Nd4 8. Nxf6+ Qxf6 9. Bxf7+ Ke7 10. c3 Bh6 11. cxd4 Bxg5 12. Bxg5 Qxg5 13.
Bd5 Qxg2 14. Rf1 cxd4 15. Qb3 Rb8 16. Qa3+ Ke8 17. Qxa7 Rf8 18. Qxb8 Ke7 19. Qxe5+ Kd8 20. Qg3 Bh3 21.
Qxg2 Bxg2 22. Rg1 Bf3 23. Bxb7 1-0

[Event "NJSK 2023 Meisjes C"]
[Site "Almelo, Netherlands"]
[Date "2023.05.05"]
[Round "6.1"]
[White "Westerhof, Fleur"]
[Black "Van Apeldoorn, Vera"]
[Result "1-0"]
[TimeControl "90min/40moves + 30min + 30sec/move"]
[WhiteElo "1743"]
[BlackElo "1153"]

1. e4 e5 2. Nf3 Nc6 3. d4 exd4 4.
Bc4 Bc5 5. c3 Nf6 6. e5 d5 7. Bb5 Ne4 8. cxd4 Bb6 9. Nc3 O-O 10. Be3 Bg4 11. h3 Bh5 12. Qc2 Bg6 13. Qb3 Ne7 14.
O-O c6 15. Be2 Rb8 16. Rad1 f6 17. a3 fxe5 18. Nxe5 Nf6 19. Na4 Bc7 20. Nc5 Qc8 21. Bg5 b6 22. Na6 Ra8 23. Rc1 Kh8 24.
Nb4 Be8 25. Ba6 Qe6 26. Rfe1 Qd6 27. Bb7 Rb8 28. Bxc6 Nxc6 29. Nbxc6 Ra8 30. Bf4 Kg8 31. Ng6 Qd7 32. Nxf8 Kxf8 33.
Qb4+ Kg8 34. Ne7+ Kh8 35. Rxc7 Qd8 36. Nf5 Bd7 37. Ng3 h6 38. Qd6 b5 39. Re7 Rc8 40. Rcxd7 Nxd7 41. Rxd7 Qa5 42.
Bxh6 Qe1+ 43. Kh2 Qe8 44. Bxg7+ Kg8 45. Qxd5+ Kh7 46. Be5+ Kh6 47.
Qd6+ Qg6 48. Bf4# 1-0

[Event "NJSK 2023 Meisjes C"]
[Site "Almelo, Netherlands"]
[Date "2023.05.05"]
[Round "6.2"]
[White "Jorritsma, Eli Alia"]
[Black "Hagen, Carlijn"]
[Result "0-1"]
[TimeControl "90min/40moves + 30min + 30sec/move"]
[WhiteElo "1330"]
[BlackElo "1132"]

1. Nf3 d5 2. b3 Bf5 3. Bb2 e6 4.
g3 Nf6 5. Bg2 Bc5 6. O-O Nbd7 7. c4 c6 8. d3 O-O 9. Nbd2 Re8 10. d4 Bb6 11. e3 Qb8 12. Qe2 Bc7 13. Rac1 h5 14.
h4 Bg4 15. Qe1 e5 16. Ng5 Ba5 17. a3 e4 18. b4 Bc7 19. cxd5 cxd5 20. Nb3 Nb6 21. Nd2 Bd7 22. Bh3 Bb5 23.
Qd1 Bxf1 24. Bxf1 Bxg3 25. fxg3 Qxg3+ 26. Kh1 Ng4 27. Qe2 Nf2+ 0-1

[Event "NJSK 2023 Meisjes C"]
[Site "Almelo, Netherlands"]
[Date "2023.05.05"]
[Round "6.3"]
[White "Fu, Janice"]
[Black "Grigoriu, Eva"]
[Result "1-0"]
[TimeControl "90min/40moves + 30min + 30sec/move"]
[WhiteElo "1408"]
[BlackElo "1045"]

1. e4 e5 2. Nf3 Nc6 3. Bc4 Bc5 4. c3 h6 5. d4 exd4 6. cxd4 Bb6 7. Nc3 d6 8. Be3 Bg4 9. Bb5 Bd7 10.
O-O Nge7 11. Re1 O-O 12. h3 a6 13. Ba4 Ba7 14. Bxc6 Bxc6 15. d5 Bd7 16. Bxa7 Rxa7 17. Nd4 c5 18.
Nde2 Ng6 19. Ng3 Qf6 20. Qd2 Re8 21. Rf1 Qh4 22. Nge2 b5 23. f3 b4 24. Nd1 Bb5 25. a4 Bd7 26.
Ne3 Ne5 27. Ng4 Nc4 28. Qc2 Bxg4 29. Qxc4 Bd7 30. Qd3 Re5 31. f4 Re8 32. b3 Qh5 33. Ng3 Qh4 34. Qf3 Bc8 35. Rae1 Rae7 36.
Re2 g6 37. f5 gxf5 38. Nxf5 Bxf5 39. Qxf5 Kg7 40. Rf4 Qxf4 41. Qxf4 Rd8 42. Rf2 Rdd7 43. Qf6+ Kh7 44. Rf3 Re8 45.
Rg3 Rg8 46. Qf5+ Kh8 47. Rxg8+ Kxg8 48. Qxd7 Kg7 49. Qxd6 a5 50. Qe5+ f6 51. Qe7+ Kg6 52. d6 c4 53. bxc4 b3 54.
Qb7 h5 55. d7 b2 56. Qxb2 h4 57. d8=Q Kh5 58. Qh8+ Kg6 59. Qbxf6# 1-0

[Event "NJSK 2023 Meisjes C"]
[Site "Almelo, Netherlands"]
[Date "2023.05.05"]
[Round "6.4"]
[White "Ganeshram, Niranjana"]
[Black "Liu, Chia-Yun"]
[Result "0-1"]
[TimeControl "90min/40moves + 30min + 30sec/move"]
[WhiteElo "775"]
[BlackElo "1470"]

1. e4 e5 2. Nf3 Nc6 3. Bc4 Bc5 4. Bb3 Nf6 5. Nxe5 Bxf2+ 6. Kxf2 Nxe4+ 7. Ke3 Qg5+ 8. Kxe4 Nxe5 9. d4 d5+ 10.
Kxd5 Be6+ 11. Ke4 Qf5+ 12. Ke3 Ng4+ 13. Kd2 Rd8 14. c3 Qf4+ 15. Kc2 Bf5+ 16. Qd3 Qf2+ 17. Bd2 Ne3+ 18. Kc1 Bxd3 19. Na3 Nf1 20. Ba4+ c6 21. Bxc6+ bxc6 22.
Nb1 Bxb1 23. Kxb1 Nxd2+ 24. Kc1 Nc4 0-1

[Event "NJSK 2023 Meisjes C"]
[Site "Almelo, Netherlands"]
[Date "2023.05.05"]
[Round "6.5"]
[White "Regterschot, Frederieke"]
[Black "Hardeman, Imara"]
[Result "1-0"]
[TimeControl "90min/40moves + 30min + 30sec/move"]
[WhiteElo "966"]
[BlackElo "920"]

1. d4 c6 2. c4 d6 3. Nf3 Bg4 4. Nc3 Qc7 5. g3 e5 6. d5 Nd7 7. Bg2 Ngf6 8. O-O Be7 9. Re1 O-O 10.
Qc2 Rfe8 11. Bg5 h6 12. Bxf6 Nxf6 13. Rac1 Rac8 14. Qd3 Bf8 15. e4 Qd7 16. b4 Rc7 17. Na4 Rec8 18. Nc3 Qe7 19.
a4 Nd7 20. a5 b6 21. axb6 axb6 22. Nd2 c5 23. b5 Qg5 24. Rf1 Qh5 25. f4 f5 26. fxe5 fxe4 27. Qxe4 Nxe5 28. Nf3 Nxf3+ 29. Bxf3 Bxf3 30. Rxf3 Qg5 31. Rcf1 Be7 32. Qe6+ Kh8 33. Rf7 Ra8 34. Ne4 Qe5 35. Qxe5 dxe5 36. d6 Bxd6 37. Nxd6 Rxf7 38. Rxf7 Ra1+ 39. Kg2 Ra2+ 40.
Kh3 Rc2 41. Re7 Re2 42. Nf7+ Kh7 43. Rxe5 Rc2 44. Nd6 Rd2 45. Nc8 Kg6 46. Nxb6 Kf6 47. Rxc5 g5 48. Nd5+ Kg6 49. b6 h5 50.
Ne3 g4+ 51. Nxg4 hxg4+ 52. Kxg4 Rd4+ 53. Kh3 Rd3 54. b7 Rb3 55. Rc7 Kf6 56. c5 Ke6 57. c6 Kd6 58. Rc8 Rxb7 59. cxb7 Kd5 60.
b8=Q Kd4 61. Re8 Kd5 1-0

[Event "NJSK 2023 Meisjes C"]
[Site "Almelo, Netherlands"]
[Date "2023.05.05"]
[Round "6.6"]
[White "Luong, Thao"]
[Black "Rutten, Lenthe"]
[Result "1/2-1/2"]
[TimeControl "90min/40moves + 30min + 30sec/move"]
[WhiteElo "804"]
[BlackElo "604"]

1. e4 c5 2. Nf3 Nc6 3. d4 cxd4 4.
Nxd4 Nxd4 5. Qxd4 Nf6 6. Be2 g6 7. e5 Ng8 8. e6 Nf6 9. exf7+ Kxf7 10. Bg5 Bg7 11. Nc3 Re8 12. Bc4+ e6 13.
Qf4 Kg8 14. g4 d5 15. Bb5 e5 16. Qf3 Bxg4 17. Qxg4 Nxg4 18. Bxd8 Rexd8 19. h3 Nf6 20. O-O-O Ne4 21. Nxe4 dxe4 22.
Rd7 Rxd7 23. Bxd7 Bh6+ 24. Kb1 e3 25. fxe3 Bxe3 26. Re1 Rd8 27. Be6+ Kg7 28. a3 Bf4 29. Re4 Rd4 30. Rxd4 exd4 31.
Ka2 Kf6 32. Bc8 b6 33. Kb3 Kg5 34. Kc4 Be5 35. Kb5 Kf4 36. Ka6 d3 37. cxd3 Bxb2 38. a4 Ke3 39. Kxa7 Kxd3 40. Kxb6 Kc4 41.
a5 Bd4+ 42. Kb7 Kb5 43. a6 h5 44. Bd7+ Kc4 45. Be8 Kd5 46. Bxg6 h4 47. Bf5 Ke5 48. Bc8 Kf6 49. Kc6 Ke7 50.
Kd5 Ba7 51. Kc6 Kf6 52. Kb7 Bc5 53. a7 Bxa7 54. Kxa7 Ke5 55. Kb6 Kd6 56. Bg4 Kd5 57. Kc7 Ke5 58. Kd7 Kf6 59. Kd6 Kg6 60. Ke6 Kg7 61. Kf5 Kh8 62. Kg5 Kg7 63. Kxh4 Kh8 64. Kg5 Kg7 65. h4 Kh7 66.
Be6 Kg7 67. h5 Kh7 68. Kf6 Kh6 69. Bf7 Kh7 70. Ke7 Kg7 71. Ke8 Kh8 72. Kf8 Kh7 73. Be8 Kh8 74. Kf7 Kh7 75. Kf6 Kh8 76.
h6 Kh7 77. Kg5 Kh8 78. Bg6 Kg8 79.
h7+ Kh8 80. Kf5 Kg7 81. Ke6 Kh8 82.
Ke7 Kg7 1/2-1/2

[Event "NJSK 2023 Meisjes C"]
[Site "Almelo, Netherlands"]
[Date "2023.05.06"]
[Round "7.1"]
[White "Liu, Chia-Yun"]
[Black "Westerhof, Fleur"]
[Result "0-1"]
[TimeControl "90min/40moves + 30min + 30sec/move"]
[WhiteElo "1470"]
[BlackElo "1743"]

1. e4 e5 2. Nf3 Nc6 3. Bc4 Bc5 4. c3 Nf6 5. d3 h6 6. b4 Bb6 7. a4 a6 8. O-O O-O 9. Nbd2 d6 10.
h3 d5 11. exd5 Nxd5 12. Re1 Nf4 13. Ne4 Ng6 14. Be3 Bxe3 15. fxe3 b6 16. d4 Bb7 17. Qd3 Kh8 18. Ng3 Qd7 19.
b5 axb5 20. Bxb5 Qe7 21. d5 Na5 22. e4 Nb3 23. Ra2 Nc5 24. Qd2 Rfd8 25. Nf5 Qf6 26. Qe3 Ra5 27. Rf1 Nxe4 28. Nxh6 gxh6 29.
Qxh6+ Kg8 30. Bd3 Nd6 31. Ng5 Qg7 32. Qxg7+ Kxg7 33. Raf2 Bxd5 34. c4 Nxc4 35. Bxc4 Bxc4 36. Nxf7 Rd7 37.
Re1 Rxf7 38. Rxf7+ Kxf7 39. Rd1 Ke6 40. Kf2 Rxa4 41. Rc1 b5 0-1

[Event "NJSK 2023 Meisjes C"]
[Site "Almelo, Netherlands"]
[Date "2023.05.06"]
[Round "7.2"]
[White "Hagen, Carlijn"]
[Black "Koorevaar, Sarah-Joy"]
[Result "1-0"]
[TimeControl "90min/40moves + 30min + 30sec/move"]
[WhiteElo "1132"]
[BlackElo "1067"]

1. d4 d5 2. Bf4 c5 3. c3 cxd4 4. cxd4 Nc6 5. e3 Bf5 6. Bd3 Qd7 7. Bxf5 Qxf5 8. Qb3 b6 9. Qb5 Rc8 10.
Nc3 Nf6 11. Nf3 g6 12. Ne5 Qe6 13. Rc1 Bg7 14. Na4 O-O 15. Rxc6 Qf5 16. O-O Ne4 17. Rxc8 Rxc8 18. Qxd5 Nd2 19.
Re1 b5 20. Nc5 Nc4 21. Ncd3 g5 22. Bxg5 Qxg5 23. Qxf7+ Kh8 24. Qe6 Bxe5 25. Qxc8+ Kg7 26. Nxe5 Nd2 27. Qc5 1-0

[Event "NJSK 2023 Meisjes C"]
[Site "Almelo, Netherlands"]
[Date "2023.05.06"]
[Round "7.3"]
[White "Van Apeldoorn, Vera"]
[Black "Fu, Janice"]
[Result "1/2-1/2"]
[TimeControl "90min/40moves + 30min + 30sec/move"]
[WhiteElo "1153"]
[BlackElo "1408"]

1. d4 d5 2. c4 e6 3. Nc3 Nf6 4. Bg5 Be7 5. e3 h6 6. Bh4 c6 7. Bd3 dxc4 8. Bxc4 b5 9. Bd3 Nbd7 10.
a3 Bb7 11. Nf3 O-O 12. O-O a6 13. Re1 c5 14. dxc5 Bxf3 15. gxf3 Nxc5 16. Bf1 Qb6 17. b4 Ncd7 18. e4 Rad8 19.
Qc2 Ne5 20. Bg2 Nc4 21. Red1 Rxd1+ 22. Nxd1 Rd8 23. Nb2 Nxb2 24. Qxb2 Qd4 25. Qxd4 Rxd4 26. Rc1 Rc4 27. Rxc4 bxc4 28.
Bf1 c3 29. Bd3 g5 30. Bg3 Nd7 31. Kf1 a5 32. bxa5 Bxa3 33. a6 Bc5 34. Ke2 Ba7 35. Kd1 Nc5 36. Bb5 Nb3 37. Be5 c2+ 38.
Kxc2 Nd4+ 39. Bxd4 Bxd4 40. Kd3 Bxf2 41. Kc4 Kf8 42. Ba4 Ke7 43. Kb5 Kd6 44. Bc2 Be3 45. Bd3 Bf2 46. Bc2 Be3 47.
Ba4 Bf2 48. Kc4 f6 49. Bb3 Ba7 50. Kb5 Be3 51. Kc4 Ba7 52. Kd3 f5 53. exf5 exf5 54. Bf7 Ke7 55. Bg6 Kf6 56. Be8 Ke7 57.
Bb5 Kd6 58. Ke2 Ke5 59. Kf1 Kf4 60. Kg2 g4 61. fxg4 fxg4 62. Be8 Bb6 63. Bd7 Ba7 64. h3 gxh3+ 65. Kxh3 Kg5 66. Kg3 Bb6 67.
Kf3 Ba7 68. Ke4 1/2-1/2

[Event "NJSK 2023 Meisjes C"]
[Site "Almelo, Netherlands"]
[Date "2023.05.06"]
[Round "7.4"]
[White "Rutten, Lenthe"]
[Black "Jorritsma, Eli Alia"]
[Result "0-1"]
[TimeControl "90min/40moves + 30min + 30sec/move"]
[WhiteElo "604"]
[BlackElo "1330"]

1. d4 g6 2. e4 Bg7 3. Nf3 d6 4.
Nc3 Nd7 5. Bd2 a6 6. a4 Ngf6 7. Bc4 h6 8. O-O O-O 9. e5 dxe5 10. dxe5 Ng4 11. e6 Nde5 12. exf7+ Nxf7 13. Bxf7+ Rxf7 14.
Re1 b6 15. h3 Nf6 16. Ne5 Rf8 17. Nxg6 Re8 18. Bf4 Qxd1 19. Raxd1 Kf7 20. Nh4 c5 21. Bc7 Nd7 22. Nf5 Bxc3 23.
bxc3 h5 24. Rd3 Nf6 25. Nh4 b5 26. Rd8 Rxd8 27. Bxd8 Be6 28. Bb6 c4 29. axb5 axb5 30. Rb1 Bd7 31. f3 Nd5 32. g4 Nxb6 33.
gxh5 Rh8 0-1

[Event "NJSK 2023 Meisjes C"]
[Site "Almelo, Netherlands"]
[Date "2023.05.06"]
[Round "7.5"]
[White "Grigoriu, Eva"]
[Black "Ganeshram, Niranjana"]
[Result "0-1"]
[TimeControl "90min/40moves + 30min + 30sec/move"]
[WhiteElo "1045"]
[BlackElo "775"]

1. e4 e5 2. Nf3 Nc6 3. Bc4 Bc5 4. d3 h6 5. c3 Nf6 6. h3 O-O 7. O-O d6 8. Re1 Ne7 9. d4 exd4 10.
cxd4 Bb4 11. Bd2 Bxd2 12. Nbxd2 b6 13. d5 Bd7 14. Qc2 Qc8 15. Kh2 b5 16. Bd3 Nh5 17. Nd4 Nf4 18. Re3 Neg6 19.
Bxb5 Bxb5 20. Nxb5 Nh4 21. Rg3 Nhxg2 22. Rxg2 Qxh3+ 23. Kg1 Qxg2# 0-1

[Event "NJSK 2023 Meisjes C"]
[Site "Almelo, Netherlands"]
[Date "2023.05.06"]
[Round "7.6"]
[White "Hardeman, Imara"]
[Black "Luong, Thao"]
[Result "0-1"]
[TimeControl "90min/40moves + 30min + 30sec/move"]
[WhiteElo "920"]
[BlackElo "804"]

1. e4 e5 2. Nf3 Nc6 3. c3 d5 4.
Qa4 Bd7 5. d3 Nd4 6. Qd1 Nxf3+ 7. Qxf3 Bc6 8. Be2 Nf6 9. Nd2 Bc5 10. O-O Qd6 11. b4 Bb6 12. a3 a5 13. Bb2 axb4 14.
axb4 O-O 15. Ba3 Qd7 16. b5 Bxb5 17. Bxf8 Rxf8 18. exd5 Qxd5 19. Qxd5 Nxd5 20. c4 Nc3 21. cxb5 Nxe2+ 22. Kh1 Nf4 23. Nc4 Bd4 24. Ra3 Bc5 25. Rb3 Rd8 26. Nxe5 f6 27. Ng4 h5 28. Ne3 Nxd3 29. Kg1 Nf4 30.
g3 Ne2+ 31. Kg2 Rd2 32. Nc4 Rc2 33. Ne3 Bxe3 34. Rxe3 Nc3 35. Re8+ Kh7 36. Rb8 b6 37. Rb7 Nxb5 38. Rd1 Nd6 39.
Ra7 b5 40. Rb1 c5 41. Ra6 Rd2 42. Kf3 b4 43. Ke3 Rd4 44. Rb3 Re4+ 45. Kd2 Rd4+ 46. Rd3 Nc4+ 47. Kc2 Na3+ 48. Kd2 Nc4+ 49.
Ke2 Re4+ 50. Kf3 Re1 51. Kf4 Ne5 52. Rd5 b3 53. Rd2 Nc4 54. Rd5 b2 55. Rxh5+ Kg6 56. Rg5+ Kh6 57. Kg4 Re4+ 58.
Kf5 Re5+ 59. Kf4 Rxg5 60. h4 Re5 61. g4 Kh7 62. Ra4 b1=Q 63. Rxc4 Qf1 64. Rc2 Qd3 65. Ra2 Qc4+ 0-1

[Event "NJSK 2023 Meisjes C"]
[Site "Almelo, Netherlands"]
[Date "2023.05.06"]
[Round "8.1"]
[White "Westerhof, Fleur"]
[Black "Hagen, Carlijn"]
[Result "1-0"]
[TimeControl "90min/40moves + 30min + 30sec/move"]
[WhiteElo "1743"]
[BlackElo "1132"]

1. e4 e5 2. Nf3 Nc6 3. d4 exd4 4.
Bc4 Be7 5. c3 d6 6. cxd4 Bg4 7. Be3 Nf6 8. Nc3 O-O 9. h3 Bh5 10. O-O h6 11. Be2 Re8 12. e5 dxe5 13. dxe5 Nh7 14.
Bf4 Bc5 15. Re1 Nf8 16. Qb3 Bxf3 17. Bxf3 Qd4 18. Bxc6 Qxf2+ 19. Kh1 bxc6 20. Rf1 Qh4 21. Bh2 Ne6 22. Rad1 Rab8 23. Qc2 Nd4 24.
Qd2 Red8 25. Qc1 Ne6 26. Rde1 Bb4 27. a3 Be7 28. Ne4 Ng5 29. Rf4 Qh5 30. Ng3 Qg6 31. Nf5 Qe6 32. Qxc6 Qd7 1-0

[Event "NJSK 2023 Meisjes C"]
[Site "Almelo, Netherlands"]
[Date "2023.05.06"]
[Round "9.1"]
[White "Hagen, Carlijn"]
[Black "Westerhof, Fleur"]
[Result "0-1"]
[TimeControl "90min/40moves + 30min + 30sec/move"]
[WhiteElo "1132"]
[BlackElo "1743"]

1. d4 d5 2. Bf4 Bf5 3. e3 e6 4. Bd3 Bxd3 5. Qxd3 c6 6. Nf3 Nf6 7. c3 Bd6 8. Bg3 O-O 9. Nbd2 Na6 10.
e4 dxe4 11. Nxe4 Nxe4 12. Qxe4 Nc7 13. Bxd6 Qxd6 14. h4 Nd5 15. h5 h6 16. O-O Qf4 17. Qd3 Nf6 18. Rfe1 Nxh5 19. Re4 Qd6 20. Rh4 Nf6 21. Ne5 Rad8 22. Qg3 Kh7 23. Re1 Nd7 24.
Ree4 Nxe5 25. Rxe5 f6 26. Qd3+ Kg8 27. Re3 f5 28. Rg3 Rf6 29. Qe3 Kf7 30. Qe2 f4 31. Rf3 g5 32. Rg4 Rg8 33.
Rh3 Qd5 34. Qd3 Qf5 35. Qe2 Qg6 36. f3 h5 37. Rxf4 Rxf4 38. Qd2 Rf6 39. Qe1 g4 40. fxg4 hxg4 41. Rh1 g3 42. Rh3 Rg7 43.
Qe3 Qb1+ 0-1